 Dungeon Crawl Stone Soup version 0.23.0-3-gf3c87f2df8 (webtiles) character file.

Game seed: 992479837578320019

224951 KamiKatze the Executioner (level 19, -1/172 HPs)
             Began as a Hill Orc Fighter on Feb 18, 2019.
             Was a High Priest of Qazlal.
             Hit by a javelin of penetration thrown by a merfolk javelineer (11 damage)
             ... on level 4 of the Shoals on Feb 21, 2019.
             The game lasted 03:54:37 (40816 turns).

KamiKatze the Executioner (Hill Orc Fighter)       Turns: 40816, Time: 03:54:37

Health: -1/172     AC: 35    Str: 27    XL:     19   Next: 31%
Magic:  22/32      EV: 14    Int:  8    God:    Qazlal [*****.]
Gold:   272        SH:  7    Dex: 18    Spells: 18/18 levels left

rFire    + + +     SeeInvis .   a - +3 executioner's axe (flame)
rCold    . . .     Gourm    .   (shield currently unavailable)
rNeg     + . .     Faith    .   Q - +1 plate armour {rF+}
rPois    +         Spirit   .   l - +1 helmet "Put-Me-On" {rPois Dex+4}
rElec    +         Reflect  .   y - +1 cloak "Bihe Cuz" {-Cast rElec rF+++ Regen+}
rCorr    .         Harm     .   J - +0 pair of gloves
MR       +++++     Clarity  +   r - +1 pair of boots Stlth ..........NoCast +
                                M - amulet of the Four Winds {rN+ MR+++ Clar}
HPRegen  0.78/turn              O - +4 ring of protection
MPRegen  0.23/turn              N - ring "Usugh" {MR+ AC+2 Dex+4}

@: protected from physical damage, very slightly contaminated, repel missiles
A: no striking features
}: 1/15 runes: gossamer
a: Upheaval, Elemental Force, Disaster Area, Renounce Religion


You were on level 4 of the Shoals.
You worshipped Qazlal.
Qazlal was extremely pleased with you.
You were not hungry.

You visited 6 branches of the dungeon, and saw 32 of its levels.
You also visited: Ossuary, Gauntlet and Ice Cave.

You collected 2327 gold pieces.
You spent 2055 gold pieces at shops.

Inventory:

Hand Weapons
 a - a +3 executioner's axe of flaming (weapon)
 b - a +6 battleaxe
Missiles
 t - 17 silver javelins
 v - 19 javelins
 E - 15 steel javelins (quivered)
 X - 15 throwing nets
Armour
 c - a +0 shield
 l - the +1 helmet "Put-Me-On" (worn) {rPois Dex+4}
   (You bought it in a shop on level 2 of the Orcish Mines)

   It affects your dexterity (+4).
   It protects you from poison.
 r - a +1 pair of boots (worn)
 y - the +1 cloak "Bihe Cuz" (worn) {-Cast rElec rF+++ Regen+}
   (You bought it in a shop on level 2 of the Orcish Mines)

   It renders you almost immune to fire.
   It insulates you from electricity.
   It prevents spellcasting.
   It increases your rate of regeneration.
 J - a +0 pair of gloves (worn)
 Q - a +1 plate armour of fire resistance (worn)
Jewellery
 e - an uncursed ring of flight
 n - an uncursed ring of protection from cold
 D - a +6 ring of intelligence
 K - the ring "Xeimeh" {+Fly Int+4}
   (You took it off a merfolk on level 4 of the Shoals)

   [ring of flight]

   It affects your intelligence (+4).
   It lets you fly.
 M - the amulet of the Four Winds (around neck) {rN+ MR+++ Clar}
   (You bought it in a shop on level 5 of the Dungeon)

   [amulet of nothing]

   It protects you from negative energy.
   It affects your resistance to hostile enchantments.
   It protects you against confusion.
 N - the ring "Usugh" (right hand) {MR+ AC+2 Dex+4}
   (You bought it in a shop on level 5 of the Dungeon)

   [ring of protection]

   It affects your AC (+2).
   It affects your dexterity (+4).
   It affects your resistance to hostile enchantments.
 O - a +4 ring of protection (left hand)
 T - an uncursed ring of protection from fire
 W - a +4 ring of evasion
Wands
 m - a wand of enslavement (6)
 p - a wand of iceblast (63)
 z - a wand of disintegration (27)
 A - a wand of flame (80)
 G - a wand of scattershot (7)
 L - a wand of acid (4)
 P - a wand of digging (10)
 Y - a wand of clouds (8)
Scrolls
 i - 2 scrolls of fear
 o - 8 scrolls of teleportation
 s - a scroll of holy word
 x - a scroll of silence
 B - 2 scrolls of enchant armour
 C - 9 scrolls of remove curse
 F - 7 scrolls of fog
 H - 8 scrolls of identify
Potions
 d - 5 potions of might
 g - 6 potions of haste
 h - 4 potions of flight
 k - 4 potions of heal wounds
 q - 2 potions of berserk rage
 u - 8 potions of ambrosia
 I - 4 potions of lignification
 R - 3 potions of agility
 S - 5 potions of curing
 U - 5 potions of cancellation
Comestibles
 f - 25 rations
 w - 4 chunks of flesh


   Skills:
 + Level 16.0 Fighting
 * Level 21.5 Axes
 - Level 13.5 Armour
 - Level 10.4 Dodging
 - Level 13.8 Shields
 * Level 19.0 Invocations
 - Level 2.0 Evocations


You had 18 spell levels left.
You didn't know any spells.
Your spell library contained the following spells:

 Spells                   Type           Power        Failure   Level  Hunger
 Animate Skeleton         Necr           N/A          97%         1    ##.....
 Apportation              Tloc           #.....       97%         1    ##.....
 Beastly Appendage        Tmut           #.....       97%         1    ##.....
 Confusing Touch          Hex            #.....       97%         1    ##.....
 Corona                   Hex            #......      97%         1    ##.....
 Magic Dart               Conj           #...         97%         1    ##.....
 Pain                     Necr           #...         97%         1    ##.....
 Sting                    Conj/Pois      #...         97%         1    ##.....
 Summon Small Mammal      Summ           #...         97%         1    ##.....
 Blink                    Tloc           N/A          99%         2    ###....
 Call Imp                 Summ           #.......     99%         2    ###....
 Ensorcelled Hibernation  Hex/Ice        #.....       99%         2    ###....
 Passwall                 Tmut/Erth      #.......     99%         2    ###....
 Poisonous Vapours        Pois/Air       #.....       99%         2    ###....
 Searing Ray              Conj           #.....       99%         2    ###....
 Slow                     Hex            #.......     99%         2    ###....
 Sticks to Snakes         Tmut           #.......     99%         2    ###....
 Swiftness                Chrm/Air       #.......     99%         2    ###....
 Confuse                  Hex            #.......     100%        3    ####...
 Conjure Flame            Conj/Fire      #.......     100%        3    ####...
 Dazzling Spray           Conj/Hex       #.....       100%        3    ####...
 Ignite Poison            Fire/Tmut/Pois #.......     100%        3    ####...
 Mephitic Cloud           Conj/Pois/Air  #.......     100%        3    ####...
 Regeneration             Chrm/Necr      #.........   100%        3    ####...
 Spider Form              Tmut/Pois      #.........   100%        3    ####...
 Tukima's Dance           Hex            #.......     100%        3    ####...
 Vampiric Draining        Necr           #.........   100%        3    ####...
 Animate Dead             Necr           N/A          100%        4    #####..
 Force Lance              Conj/Tloc      #.......     100%        4    #####..
 Ice Form                 Ice/Tmut       #.......     100%        4    #####..
 Olgreb's Toxic Radiance  Pois           #.......     100%        4    #####..
 Passage of Golubria      Tloc           N/A          100%        4    #####..
 Blade Hands              Tmut           #.........   100%        5    ######.
 Excruciating Wounds      Chrm/Necr      #.........   100%        5    ######.
 Fireball                 Conj/Fire      #.........   100%        5    ######.
 Iskenderun's Battlesphe  Conj/Chrm      #.......     100%        5    ######.
 Lee's Rapid Deconstruct  Erth           #.........   100%        5    ######.
 Venom Bolt               Conj/Pois      #.........   100%        5    ######.
 Bolt of Fire             Conj/Fire      #.........   100%        6    #######
 Darkness                 Hex            #.........   100%        6    #######
 Invisibility             Hex            #.......     100%        6    #######
 Ring of Flames           Chrm/Fire      #.........   100%        7    #######
 Ignition                 Fire           #.........   100%        8    #######


Dungeon Overview and Level Annotations

Branches:
Dungeon (15/15)            Temple (1/1) D:4            Lair (6/6) D:9
 Shoals (4/4) Lair:4       Spider (4/4) Lair:3        Slime (0/5) Lair:5
    Orc (2/2) D:12            Elf (0/3) Orc:2        Vaults (0/5) D:13
 Depths (0/5) D:15

Altars:
Ashenzari
Cheibriados
Dithmenos
Elyvilon
Fedhas
Gozag
Hepliaklqana
Kikubaaqudgha
Makhleb
Nemelex Xobeh
Okawaru
Qazlal
Ru
Sif Muna
Trog
Uskayaw
Vehumet
Wu Jian
Xom
Yredelemnul
Zin
The Shining One
Beogh
Jiyva

Shops:
D:4 (   D:5 }[=*   Orc:1 %!*   Orc:2 [(?%

Annotations:
Lair:2 exclusion: 2 oklob plants


Message History

Unknown command.
Your unstable footing causes you to fumble your attack.
The merfolk javelineer hits you from afar with a +1 spear of piercing.
* * * LOW HITPOINT WARNING * * *
You feel more protected from physical attacks.
* * * LOW HITPOINT WARNING * * *
The water nymph is engulfed in freezing vapours.
The water nymph gestures at you while chanting.
The water swirls and strikes you!
* * * LOW HITPOINT WARNING * * *
The merfolk is engulfed in freezing vapours.
The merfolk completely misses you.
Unknown command.
Blink to where?
Press: ? - help, Dir - move target cursor You are very lightly contaminated with residual magic.
As you read the scroll of blinking, it crumbles to dust.
The merfolk javelineer throws a javelin of penetration.
The javelin of penetration pierces through you!
You die...

.,**,,,≈,,,##..≈§))m○......≈≈≈≈≈≈
..##,,**,,###..§)))§≈.....≈≈≈≈≈≈≈
....####**#.....)m().○.≈≈§≈≈≈≈≈≈≈
.....#≈####......§.....≈≈≈≈≈≈≈≈≈≈
..................((...≈≈≈≈≈≈≈≈≈≈
.........÷≈≈≈≈........≈≈≈≈≈≈≈≈≈≈≈
......≈≈≈≈≈≈≈≈.#.###..≈≈≈≈≈≈≈≈≈≈≈
.....≈≈≈≈≈≈≈≈.##.##.[≈≈≈≈≈≈≈≈≈≈≈≈
....≈≈≈≈≈≈≈≈≈.#.@....≈≈≈≈≈≈≈≈≈≈≈≈
...≈≈≈≈≈≈≈≈≈≈≈§......≈≈≈≈≈≈≈≈≈≈≈≈
##≈≈≈≈≈≈≈≈≈≈≈≈≈.##..≈≈≈≈≈≈≈≈≈≈≈≈≈
*##≈≈≈≈≈≈≈≈≈≈≈≈.#..≈≈≈≈≈≈≈≈≈≈≈≈≈≈
*,##≈≈≈≈≈≈≈≈≈≈≈.......≈≈≈≈≈≈≈≈≈≈≈
,,,*≈≈≈≈≈≈≈≈≈≈≈....##..≈≈≈≈≈≈≈≈≈≈
#≈**#≈≈≈≈≈≈≈≈≈≈≈≈≈.#*#.≈≈≈≈≈≈≈≈≈≈
≈≈**#≈≈≈≈≈≈≈≈≈≈≈≈≈.# #.≈≈≈≈≈≈≈≈≈≈
#≈#*≈≈≈≈≈≈≈≈≈≈≈≈≈≈.#*#..≈≈≈≈≈≈≈≈≈


You could see a merfolk javelineer.

Vanquished Creatures
  Saint Roka (Orc:1)
  Arachne (Spider:1)
  Rupert (Spider:1)
  A titan (Shoals:3)
  2 krakens
  Roxanne (Shoals:4)
  2 ghost moths (Spider:4)
  8 emperor scorpions
  5 entropy weavers
  A spark wasp (Spider:4)
  3 merfolk javelineers (Shoals:1)
  16 merfolk impalers
  Harold (D:10)
  Erolcha (D:11)
  3 hydras
  4 vault guards (D:13)
  4 centaur warriors
  4 merfolk avatars
  2 alligator snapping turtles
  4 two-headed ogres
  3 satyrs
  6 death yaks
  4 merfolk aquamancers
  Urug (Orc:2)
  A tengu warrior (D:13)
  A queen ant (Spider:1)
  4 orc high priests
  Sonja (Orc:2)
  2 skeletal warriors (D:15)
  A titan skeleton (D:15)
  3 unseen horrors
  11 sea snakes
  A golden dragon zombie (D:15)
  A flayed ghost (D:15)
  3 deep elf magi
  4 wolf spider zombies
  Pikel (D:8)
  An orc knight (D:12)
  9 harpies
  3 ugly things (D:14)
  2 necromancers
  2 orc sorcerers
  28 wolf spiders
  A moth of wrath (Spider:3)
  21 orb spiders
  12 manticores
  19 fauns
  12 cyclopes
  9 elephants
  16 merfolk sirens
  A frost giant skeleton (D:15)
  An ice statue (IceCv)
  Joseph (D:8)
  A torpor snail (Spider:2)
  Maurice (Orc:2)
  4 black mambas
  12 water nymphs
  2 gargoyles (D:15)
  14 spiny frogs
  4 rime drakes
  9 komodo dragons
  An efreet (D:11)
  A komodo dragon (shapeshifter) (D:14)
  A kobold demonologist (D:11)
  11 freezing wraiths
  2 yaktaurs (D:15)
  17 demonic crawlers
  36 merfolk
  A tengu conjurer (D:14)
  A polar bear (Lair:2)
  7 trolls
  5 wind drakes
  41 jumping spiders
  7 slime creatures
  An ice dragon zombie (D:15)
  3 hornets
  22 blink frogs
  11 hippogriffs
  13 dream sheep
  5 snapping turtles
  A vampire (D:13)
  7 water elementals
  A spriggan (D:10)
  2 shadows
  26 tarantellas
  64 redbacks
  6 wyverns (Lair:6)
  35 yaks
  3 wraiths
  4 basilisks
  A golden eye (shapeshifter) (D:11)
  2 chaos spawn (D:9)
  A steam dragon (D:11)
  5 vampire mosquitoes
  3 wargs
  16 water moccasins
  21 soldier ants
  An acid dragon (D:12)
  5 porcupines
  4 black bears
  37 orc warriors
  8 ice beasts
  2 sky beasts
  An eye of draining (D:14)
  A hornet zombie (D:15)
  A slave (D:8)
  2 necrophages
  15 wolves
  4 boggarts (D:15)
  19 centaurs
  16 ogres
  16 crocodiles
  3 big kobolds
  3 elf zombies (Ossuary)
  16 bullfrogs
  2 wyvern zombies
  3 scorpions
  A water moccasin skeleton (D:10)
  An elephant simulacrum (IceCv)
  3 killer bees (D:9)
  8 wights
  2 howler monkeys
  4 electric eels
  4 crimson imps
  7 centaur zombies
  7 draconian simulacra (IceCv)
  4 bullfrog zombies
  Crazy Yiuf (D:7)
  7 jellies
  4 centaur skeletons
  17 orc priests
  A hound (D:10)
  31 orc wizards
  2 bullfrog skeletons
  2 iguanas
  30 worker ants
  2 polar bear simulacra (IceCv)
  2 spriggan simulacra (IceCv)
  4 troll simulacra (IceCv)
  A killer bee zombie (D:5)
  A wolf simulacrum (IceCv)
  2 big kobold zombies (Ossuary)
  2 centaur simulacra (IceCv)
  A hound skeleton (D:4)
  2 mummies (Ossuary)
  6 gnolls
  A howler monkey skeleton (D:11)
  2 worker ant zombies
  16 adders
  4 naga simulacra (IceCv)
  An ogre simulacrum (IceCv)
  2 shadow imps
  12 white imps (IceCv)
  An ooze (D:2)
  An adder skeleton (D:4)
  An adder zombie (Ossuary)
  2 worms
  A dart slug (D:1)
  6 leopard geckos
  80 orcs
  A ball python (D:3)
  4 bats
  5 giant cockroaches
  4 goblins
  5 hobgoblins
  6 jackals
  20 kobolds
  2 quokkas
  9 frilled lizards
  2 goblin zombies
  8 hobgoblin zombies (Ossuary)
  A jackal zombie (Ossuary)
  13 kobold zombies (Ossuary)
  A leopard gecko zombie (D:6)
  5 orc zombies (Ossuary)
  A quokka skeleton (D:8)
  2 quokka zombies
  9 rats
  A rat zombie (Ossuary)
  A butterfly (Lair:6)
  A fire vortex (D:14)
  3 fungi
  8 plants
  7 tentacles
1249 creatures vanquished.

Vanquished Creatures (collateral kills)
  A merfolk aquamancer (Shoals:2)
  A snapping turtle (Shoals:2)
2 creatures vanquished.

Vanquished Creatures (others)
  An unseen horror (D:13)
  A harpy (Shoals:2)
  A wolf spider (Spider:2)
  A centaur skeleton (D:11)
  A jumping spider (Spider:3)
  Prince Ribbit (D:8)
  A water elemental (Shoals:2)
  11 fungi
  23 plants
  25 tentacles
  2 withered plants (D:15)
68 creatures vanquished.

Grand Total: 1319 creatures vanquished

Notes
Turn   | Place    | Note
-------+----------+-------------------------------------------
     0 | D:1      | KamiKatze the Hill Orc Fighter began the quest for the Orb.
     0 | D:1      | Reached XP level 1. HP: 19/19 MP: 1/1
    30 | D:1      | Reached skill level 3 in Axes
    98 | D:1      | Reached XP level 2. HP: 23/26 MP: 2/2
   289 | D:1      | Reached skill level 4 in Axes
   546 | D:1      | Reached XP level 3. HP: 26/31 MP: 3/3
   881 | D:2      | Reached skill level 5 in Axes
  1275 | D:2      | Reached XP level 4. HP: 28/39 MP: 4/4
  1655 | D:2      | Upgraded the game from 0.23.0 to 0.23.0-2-g0fe3ce5905
  2173 | D:3      | Reached skill level 6 in Axes
  2777 | D:3      | Reached skill level 7 in Axes
  2777 | D:3      | Reached XP level 5. HP: 38/45 MP: 5/5
  3231 | D:4      | Found a sand-covered staircase.
  3250 | Ossuary  | Entered an ossuary
  3413 | Ossuary  | Reached skill level 8 in Axes
  3414 | Ossuary  | Reached XP level 6. HP: 30/52 MP: 6/6
  3722 | Ossuary  | Reached XP level 7. HP: 25/58 MP: 7/7
  3861 | Ossuary  | Reached skill level 5 in Shields
  4182 | D:4      | Found Wuinung's Antique Weapon Boutique.
  4213 | D:4      | Found a staircase to the Ecumenical Temple.
  4222 | Temple   | Entered the Ecumenical Temple
  4358 | Temple   | Became a worshipper of Qazlal Stormbringer
  4605 | D:4      | Found an opulent altar of Gozag.
  5106 | D:5      | Entered Level 5 of the Dungeon
  5108 | D:5      | Found Xohagud's Gadget Shop.
  5314 | D:5      | Found Alintaho's Assorted Antiques.
  5322 | D:5      | Bought a scroll labeled ATZAFUMAE for 23 gold pieces
  5322 | D:5      | Bought a scroll labeled ATZAFUMAE for 23 gold pieces
  5322 | D:5      | Bought a scroll labeled LUFYCZ ESYIZU for 23 gold pieces
  5349 | D:5      | Reached skill level 9 in Axes
  5349 | D:5      | Reached XP level 8. HP: 57/66 MP: 5/8
  5390 | D:5      | Found Jigruitto's Armour Emporium.
  5621 | D:5      | Found an iron altar of Okawaru.
  5623 | D:5      | Found a radiant altar of Vehumet.
  5631 | D:5      | Found Qugu's Jewellery Emporium.
  5670 | D:5      | Reached skill level 5 in Fighting
  6133 | D:6      | Reached skill level 10 in Axes
  6171 | D:6      | Reached * piety under Qazlal
  7141 | D:7      | Reached XP level 9. HP: 54/74 MP: 6/9
  7165 | D:7      | Found a shimmering altar of Xom.
  7166 | D:7      | Found an ornate altar of the Wu Jian Council.
  7166 | D:7      | Found a shadowy altar of Dithmenos.
  7421 | D:7      | Reached skill level 11 in Axes
  7656 | D:7      | Reached skill level 1 in Dodging
  7695 | D:7      | Reached skill level 1 in Evocations
  7848 | D:7      | Found a snail-covered altar of Cheibriados.
  7875 | D:7      | Reached skill level 1 in Invocations
  7985 | D:7      | Found a runed translucent door.
  7986 | D:7      | Noticed Crazy Yiuf
  7998 | D:7      | Killed Crazy Yiuf
  8286 | D:8      | Noticed Prince Ribbit
  8292 | D:8      | Noticed Pikel
  8324 | D:8      | Killed Pikel
  8326 | D:8      | Killed Prince Ribbit
  8326 | D:8      | Reached XP level 10. HP: 44/85 MP: 9/12
  8536 | D:8      | Paralysed by a hornet for 1 turns
  8542 | D:8      | Paralysed by a hornet for 1 turns
  8543 | D:8      | Reached skill level 12 in Axes
  8662 | D:8      | Noticed Joseph
  8829 | D:8      | Killed Joseph
  9158 | D:8      | Reached skill level 5 in Armour
  9412 | D:9      | Reached ** piety under Qazlal
  9904 | D:9      | Found a white marble altar of Elyvilon.
 10119 | D:9      | Found a staircase to the Lair.
 10341 | D:10     | Entered Level 10 of the Dungeon
 10467 | D:10     | Reached skill level 13 in Axes
 10467 | D:10     | Reached skill level 5 in Invocations
 10519 | D:10     | Reached *** piety under Qazlal
 10525 | D:10     | Found the +7 mace of Variability {chain chaos}
 10526 | D:10     | Found a shimmering altar of Xom.
 10602 | D:9      | Reached XP level 11. HP: 71/94 MP: 11/14
 10739 | D:10     | Noticed Harold
 10804 | D:10     | Killed Harold
 10808 | D:10     | Noticed a two-headed ogre
 10815 | D:10     | Noticed a two-headed ogre
 11013 | D:10     | Killed a two-headed ogre
 11194 | D:10     | Killed a two-headed ogre
 11481 | Lair:1   | Entered Level 1 of the Lair of Beasts
 11665 | Lair:1   | Reached skill level 14 in Axes
 11783 | Lair:1   | Noticed a five-headed hydra
 11810 | Lair:1   | Killed a five-headed hydra
 11810 | Lair:1   | Reached skill level 10 in Shields
 11835 | Lair:1   | Found a bloodstained altar of Trog.
 12309 | Lair:2   | Reached **** piety under Qazlal
 12309 | Lair:2   | Reached XP level 12. HP: 94/104 MP: 15/17
 12492 | Lair:1   | Reached skill level 5 in Dodging
 12706 | Lair:2   | Noticed an eight-headed hydra
 12715 | Lair:2   | Killed an eight-headed hydra
 12889 | Lair:2   | Noticed a death yak
 12919 | Lair:2   | Killed a death yak
 12919 | Lair:2   | Reached skill level 15 in Axes
 13470 | Lair:3   | Found a hole to the Spider Nest.
 13548 | Lair:3   | Reached skill level 10 in Fighting
 13870 | Lair:3   | Reached ***** piety under Qazlal
 14608 | Lair:4   | Found a staircase to the Shoals.
 14863 | Lair:4   | Reached XP level 13. HP: 113/113 MP: 19/19
 15378 | Shoals:1 | Entered Level 1 of the Shoals
 15607 | Lair:5   | Found a viscous altar of Jiyva.
 15607 | Lair:5   | Found a staircase to the Slime Pits.
 15726 | Lair:5   | Reached skill level 16 in Axes
 16635 | D:11     | Found a frozen archway.
 16658 | IceCv    | Entered an ice cave
 17321 | IceCv    | Found an ancient bone altar of Kikubaaqudgha.
 17664 | D:11     | Noticed Erolcha
 17672 | D:11     | Killed Erolcha
 18333 | D:11     | Reached skill level 10 in Invocations
 18965 | D:11     | Got a pair of transparent gloves
 18971 | D:11     | Identified the cursed -4 pair of gloves of Surprise {Dex+6
                  | Stlth+} (You found it on level 11 of the Dungeon)
 18974 | D:11     | Identified the Handbook of Sinister Battle Magic
 19159 | D:12     | Reached ****** piety under Qazlal
 19175 | D:12     | Reached XP level 14. HP: 124/124 MP: 21/21
 19226 | D:12     | Reached skill level 17 in Axes
 19251 | D:12     | Found a gate leading to a gauntlet.
 19262 | Gauntlet | Entered a Gauntlet
 19262 | Gauntlet | Found a transporter.
 19269 | Gauntlet | Found a transporter.
 19271 | Gauntlet | Found a transporter.
 19282 | Gauntlet | Found a transporter.
 19286 | Gauntlet | Found a transporter.
 19288 | Gauntlet | Found the ring of the Octopus King
 19289 | Gauntlet | Found a runed translucent gate.
 19289 | Gauntlet | Found a runed translucent gate.
 19289 | Gauntlet | Found a runed translucent gate.
 19292 | Gauntlet | Found a transporter.
 19308 | Gauntlet | Found a transporter.
 19316 | Gauntlet | Found a runed translucent door.
 19319 | Gauntlet | Found a transporter.
 19328 | Gauntlet | Found a runed translucent door.
 19328 | Gauntlet | Found a transporter.
 19329 | Gauntlet | Found a runed translucent door.
 19342 | Gauntlet | Found a transporter.
 19355 | Gauntlet | Found a transporter.
 19355 | Gauntlet | Found a transporter.
 19404 | Gauntlet | Found a transporter.
 19418 | Gauntlet | Found a transporter.
 19539 | D:12     | Found a shimmering altar of Xom.
 19542 | D:12     | Found a shimmering altar of Xom.
 19542 | D:12     | Found a shimmering altar of Xom.
 19542 | D:12     | Found a shimmering altar of Xom.
 19542 | D:12     | Found a shimmering altar of Xom.
 19579 | D:12     | Found a shimmering altar of Xom.
 19579 | D:12     | Found a shimmering altar of Xom.
 19646 | D:12     | Found a staircase to the Orcish Mines.
 19886 | Orc:1    | Entered Level 1 of the Orcish Mines
 20093 | Orc:1    | Found Ekainat's Food Boutique.
 20102 | Orc:1    | Found Hozoh's Distillery.
 20160 | Orc:1    | Found Nearghad's General Store.
 20619 | Orc:2    | Entered Level 2 of the Orcish Mines
 20681 | Orc:2    | Noticed Maurice
 20691 | Orc:2    | Noticed Urug
 20694 | Orc:2    | Paralysed by Urug for 3 turns
 20708 | Orc:2    | Killed Maurice
 20711 | Orc:2    | Killed Urug
 21012 | Orc:2    | Noticed Sonja
 21210 | Orc:2    | Killed Sonja
 21932 | Orc:2    | Found a roughly hewn altar of Beogh.
 21940 | Orc:2    | Found a staircase to the Elven Halls.
 21951 | Orc:2    | Found a roughly hewn altar of Beogh.
 21963 | Orc:2    | Found Gauppaom's Magic Scroll Emporium.
 22045 | Orc:2    | Reached skill level 10 in Armour
 22110 | Orc:2    | Found a roughly hewn altar of Beogh.
 22404 | Orc:2    | Found a roughly hewn altar of Beogh.
 22519 | Orc:2    | Found a roughly hewn altar of Beogh.
 22555 | Orc:2    | Found a roughly hewn altar of Beogh.
 22942 | Orc:2    | Found Dufreuj's Food Emporium.
 22977 | Orc:2    | Noticed Saint Roka
 23216 | Orc:1    | Killed Saint Roka
 23665 | Orc:2    | Found Hely's Antique Armour Boutique.
 23666 | Orc:2    | Found a roughly hewn altar of Beogh.
 23670 | Orc:2    | Found Esug's Antique Weapon Shop.
 23933 | D:5      | Bought the amulet of the Four Winds {rN+ MR+++ Clar} for
                  | 526 gold pieces
 23933 | D:5      | Found the amulet of the Four Winds {rN+ MR+++ Clar}
 23933 | D:5      | Bought the ring "Usugh" {MR+ AC+2 Dex+4} for 372 gold
                  | pieces
 23983 | D:5      | Bought a glowing ivory ring for 115 gold pieces
 24238 | Orc:2    | Bought a faintly humming helmet for 256 gold pieces
 24246 | Orc:2    | Identified the +1 helmet "Put-Me-On" {rPois Dex+4} (You
                  | bought it in a shop on level 2 of the Orcish Mines)
 24248 | Orc:2    | Bought a steaming cloak for 256 gold pieces
 24272 | Orc:2    | Identified the +1 cloak "Bihe Cuz" {-Cast rElec rF+++
                  | Regen+} (You bought it in a shop on level 2 of the Orcish
                  | Mines)
 24850 | D:13     | Reached skill level 18 in Axes
 25413 | D:13     | Found a gate to the Vaults.
 25763 | D:14     | Reached XP level 15. HP: 133/133 MP: 23/23
 26356 | D:15     | Entered Level 15 of the Dungeon
 26629 | D:15     | Found a glowing golden altar of the Shining One.
 27056 | D:15     | Found a staircase to the Depths.
 27700 | Orc:2    | Bought a glowing war axe for 221 gold pieces
 28503 | Shoals:1 | Reached XP level 16. HP: 126/144 MP: 25/25
 28523 | Shoals:1 | Identified the cursed +2 demon blade "Ygithibaupt" {pain,
                  | +Blink rPois Str+2}
 29702 | Shoals:2 | Upgraded the game from 0.23.0-2-g0fe3ce5905 to
                  | 0.23.0-3-gf3c87f2df8
 29780 | Lair:6   | Entered Level 6 of the Lair of Beasts
 30698 | Lair:6   | Reached skill level 15 in Invocations
 31659 | Spider:1 | Entered Level 1 of the Spider Nest
 31963 | Spider:1 | Reached XP level 17. HP: 100/152 MP: 28/28
 32754 | Spider:1 | Noticed Rupert
 32766 | Spider:1 | Killed Rupert
 32766 | Spider:1 | Reached skill level 19 in Axes
 33691 | Spider:2 | Noticed Arachne
 33728 | Spider:1 | Killed Arachne
 34450 | Spider:2 | You fall through a shaft!
 34920 | Spider:3 | Reached skill level 10 in Dodging
 35282 | Orc:2    | Bought a scroll of brand weapon for 240 gold pieces
 35961 | Spider:3 | Reached XP level 18. HP: 160/162 MP: 30/30
 36319 | Spider:4 | Entered Level 4 of the Spider Nest
 36411 | Spider:4 | Reached skill level 15 in Fighting
 36511 | Spider:4 | Reached skill level 20 in Axes
 37612 | Spider:4 | Got a gossamer rune of Zot
 39149 | Shoals:3 | Noticed a titan
 39189 | Shoals:3 | Killed a titan
 39891 | Shoals:3 | Reached skill level 21 in Axes
 40069 | Shoals:4 | Entered Level 4 of the Shoals
 40272 | Shoals:4 | Reached XP level 19. HP: 172/172 MP: 32/32
 40339 | Shoals:4 | Noticed Roxanne
 40376 | Shoals:4 | Killed Roxanne
 40639 | Shoals:4 | Identified the ring "Xeimeh" {+Fly Int+4}
 40816 | Shoals:4 | Hit by a javelin of penetration thrown by a merfolk
                  | javelineer

Skill      XL: |  1  2  3  4  5  6  7  8  9 10 11 12 13 14 15 16 17 18 19 |
---------------+----------------------------------------------------------+-----
Axes           | 3 4 5 7 8 9 10 11 13 14 15 16 18 19 21 | 21.5
Shields        | 4 6 7 8 9 10 11 12 13 | 13.8
Fighting       | 4 5 7 8 9 10 11 12 13 14 15 16 | 16.0
Dodging        | 2 3 4 5 6 7 8 9 10 | 10.4
Evocations     | 2 |  2.0
Invocations    | 3 5 7 8 10 11 13 15 16 18 19 | 19.0
Armour         | 4 5 7 8 9 10 11 12 13 | 13.5

Action                   |  1- 3 |  4- 6 |  7- 9 | 10-12 | 13-15 | 16-18 | 19-21 || total
-------------------------+-------+-------+-------+-------+-------+-------+-------++-------
Melee: War axe           |    10 |    80 |   279 |   665 |  1704 |   459 |       ||  3197
       Hand axe          |   119 |   155 |    83 |    15 |       |       |       ||   372
       Morningstar       |       |       |       |    13 |       |       |       ||    13
       Battleaxe         |       |       |       |       |       |   747 |       ||   747
       Executioner's axe |       |       |       |       |       |   188 |   107 ||   295
Throw: Stone             |       |       |    26 |       |       |       |       ||    26
       Tomahawk          |       |       |       |    10 |     3 |       |       ||    13
       Javelin           |       |       |       |       |       |     4 |       ||     4
Invok: Upheaval          |       |       |       |       |     1 |    18 |     2 ||    21
       Elemental Force   |       |       |       |       |     1 |     2 |       ||     3
       Disaster Area     |       |       |       |       |       |     2 |     1 ||     3
Evoke: Wand              |       |       |       |     8 |       |     6 |       ||    14
  Use: Scroll            |       |       |    14 |     6 |     9 |    12 |     1 ||    42
       Potion            |       |       |       |     1 |     4 |     7 |       ||    12
 Stab: Distracted        |       |       |       |       |     1 |       |       ||     1
  Eat: Chunk             |     1 |     7 |    13 |    16 |    23 |    19 |     2 ||    81
       Ration            |       |     1 |       |     2 |     6 |     6 |       ||    15
Armor: Scale mail        |    57 |   114 |    93 |       |       |       |       ||   264
       Chain mail        |       |       |    21 |   259 |       |       |       ||   280
       Plate armour      |       |       |       |     4 |   474 |   936 |    69 ||  1483
Dodge: Dodged            |    65 |   103 |   128 |   168 |   342 |   819 |    63 ||  1688
       Deflected         |       |       |       |       |    38 |    54 |     4 ||    96
Block: Shield            |       |       |    32 |   497 |  1417 |   530 |       ||  2476
       Other             |       |       |     2 |       |       |   436 |    56 ||   494
